 Dungeon Crawl Stone Soup version 0.23.1 (webtiles) character file.

Game seed: 15596419488340560308

73 misha the Poker (level 4, 0/37 HPs)
             Began as a Merfolk Fighter on Mar 16, 2019.
             Killed from afar by an orc wizard (8 damage)
             ... with a puff of flame
             ... on level 3 of the Dungeon.
             The game lasted 00:05:22 (2081 turns).

misha the Poker (Merfolk Fighter)                   Turns: 2081, Time: 00:05:23

Health: 0/37       AC:  6    Str: 17    XL:     4   Next: 27%
Magic:  4/4        EV:  5    Int:  7    God:
Gold:   103        SH: 13    Dex: 13    Spells: 3/3 levels left

rFire    . . .     SeeInvis .   a - +0 trident
rCold    . . .     Gourm    .   i - +0 large shield
rNeg     . . .     Faith    .   b - +0 scale mail
rPois    .         Spirit   .   (no helmet)
rElec    .         Reflect  .   (no cloak)
rCorr    .         Harm     .   (no gloves)
MR       .....                  (no boots)
Stlth    ..........             (no amulet)
HPRegen  0.12/turn              (no ring)
MPRegen  0.09/turn              (no ring)

@: no status effects
A: change form in water, swift swim, stealthy swim
a: no special abilities


You were on level 3 of the Dungeon.
You were very hungry.

You visited 1 branch of the dungeon, and saw 3 of its levels.

You collected 103 gold pieces.

Inventory:

Hand Weapons
 a - a +0 trident (weapon)
Missiles
 j - 7 tomahawks of dispersal (quivered)
 l - 16 poisoned needles
 n - 3 javelins
Armour
 b - a +0 scale mail (worn)
 i - a +0 large shield (worn)
Scrolls
 g - a scroll of teleportation
 k - 3 scrolls of enchant armour
Potions
 c - a potion of haste
 d - a potion of might
 o - a potion of flight
 p - a potion of degeneration
Comestibles
 f - 5 rations


   Skills:
 + Level 3.9 Fighting
 * Level 4.6 Polearms
 - Level 2.3 Armour
 - Level 0.5 Dodging
 + Level 3.5 Shields


You had 3 spell levels left.
You didn't know any spells.
Your spell library was empty.

Dungeon Overview and Level Annotations

Branches:
Dungeon (3/15)

Altars:
Elyvilon
Fedhas


Message History

You miss something.
You hear the slow rusting of a distant drain.
You block something's attack. Something hits you but does no damage.
You block the orc's attack.
You hit something.
You hear some strange, mumbled words.
A puff of flame appears from out of thin air!
The puff of flame hits you. Something hits you. Something burns you.
You block the orc's attack.
Your shield prevents you from hitting something.
You hear some strange, mumbled words.
A puff of frost appears from out of thin air!
The puff of frost hits you!
* * * LOW HITPOINT WARNING * * *
You are feeling very hungry.
You barely miss something.
You hear some strange, mumbled words.
A puff of flame appears from out of thin air!
The puff of flame hits you!
You die...

#.....##.#
#.#...##.#
#.#.#.##.#
#########.#.#....#
#........<#.######
#.##..........#
#....###..###.#
#..#####..# #.#
#..#@o....# #.#
#..#{####.###.#
#..#g# #.....#
####o## #######
#?.oo.# ##.##.#
#....# ......o...#
##......_.#


You could see 4 orcs and a goblin.

Vanquished Creatures
  An adder (D:3)
  A worm (D:2)
  3 dart slugs
  3 leopard geckos
  An orc (D:3)
  9 bats
  3 giant cockroaches (D:1)
  7 goblins
  5 hobgoblins
  3 jackals (D:1)
  3 kobolds
  A ball python (D:2)
  3 frilled lizards
  6 rats
49 creatures vanquished.

Notes
Turn   | Place    | Note
-------+----------+-------------------------------------------
     0 | D:1      | misha the Merfolk Fighter began the quest for the Orb.
     0 | D:1      | Reached XP level 1. HP: 18/18 MP: 1/1
    71 | D:1      | Reached XP level 2. HP: 20/24 MP: 2/2
   259 | D:1      | HP: 1/24 [jackal (1)]
   262 | D:1      | Reached XP level 3. HP: 2/29 MP: 3/3
  1118 | D:2      | Reached skill level 4 in Polearms
  1597 | D:2      | Reached XP level 4. HP: 37/37 MP: 4/4
  2045 | D:3      | Found a white marble altar of Elyvilon.
  2049 | D:3      | Found a blossoming altar of Fedhas.
  2081 | D:3      | Killed from afar by an orc wizard

Skill      XL: |  1  2  3 |
---------------+----------+-----
Polearms       | 4 |  4.6
Fighting       | |  3.9
Armour         | |  2.3
Dodging        | |  0.5
Shields        | |  3.5

Action                   |  1- 3 |  4- 6 || total
-------------------------+-------+-------++-------
Melee: Trident           |   159 |    34 ||   193
  Use: Potion            |     1 |       ||     1
       Scroll            |       |     7 ||     7
  Eat: Chunk             |     2 |     1 ||     3
Armor: Scale mail        |   100 |     9 ||   109
Dodge: Dodged            |    44 |     4 ||    48
Block: Shield            |    15 |       ||    15
       Large shield      |   137 |    21 ||   158
